 Dungeon Crawl Stone Soup version 0.27.1-4-g1640c2035a (webtiles) character file.

Game seed: 14836559382690654917

5709 MisterFreud the Spear-Bearer (level 10, -4/88 HPs)
             Began as a Hill Orc Abyssal Knight on Nov 2, 2021.
             Was a High Priest of Lugonu.
             Slain by a two-headed ogre (16 damage)
             ... on level 9 of the Dungeon.
             The game lasted 00:15:04 (9536 turns).

MisterFreud the Spear-Bearer (HOAK)                 Turns: 9536, Time: 00:15:04

Health: -4/88      AC: 13    Str: 19    XL:     10   Next: 76%
Magic:  16/16      EV:  9    Int: 12    God:    Lugonu [*****.]
Gold:   325        SH:  0    Dex: 10    Spells: 9/9 levels left

rFire    + . .     SeeInvis .   E - +9 lance "Wyrmbane" {slay drac, rPois rF+ rC+ AC+3}
rCold    + . .     Faith    .   (no shield)
rNeg     . . .     Spirit   .   j - +0 scale mail
rPois    +         Reflect  .   (no helmet)
rElec    .         Harm     .   (no cloak)
rCorr    .         Rampage  .   i - +0 pair of gloves
Will     .....                  v - +0 pair of boots
Stlth    ..........             m - amulet of regeneration
HPRegen  1.24/turn              u - ring of poison resistance
MPRegen  0.15/turn              (no ring)

@: studying Fire Magic
A: no striking features
a: Renounce Religion, Depart the Abyss, Bend Space, Banish, Corrupt, Enter the
Abyss


You were on level 9 of the Dungeon.
You worshipped Lugonu.
Lugonu was extremely pleased with you.
You visited 1 branch of the dungeon, and saw 9 of its levels.
You visited the Abyss 1 time.
You also visited: Sewer.

You collected 380 gold pieces.
You spent 55 gold pieces at shops.

Inventory:

Hand Weapons
 a - a +1 hand axe
 B - a +3 hand axe
 E - the +9 lance "Wyrmbane" (weapon) {slay drac, rPois rF+ rC+ AC+3}
   (You took it off Maggie on level 7 of the Dungeon)

   It inflicts extra damage against dragons and draconians.
   AC:        It affects your AC (+3).
   rF:        It protects you from fire.
   rC:        It protects you from cold.
   rPois:     It protects you from poison.
Missiles
 e - 15 boomerangs (quivered)
 f - 39 poisoned darts
 g - 4 javelins
 J - a curare-tipped dart
Armour
 b - a +0 leather armour
 i - a +0 pair of gloves (worn)
 j - a +0 scale mail (worn)
 v - a +0 pair of boots (worn)
Jewellery
 m - an amulet of regeneration (around neck)
 u - a ring of poison resistance (left hand)
 z - a ring of wizardry
 I - an amulet of reflection
Wands
 t - a wand of iceblast (3)
 w - a wand of flame (18)
 G - a wand of paralysis (5)
Scrolls
 c - 2 scrolls of immolation {unknown}
 k - a scroll of holy word {unknown}
 l - 5 scrolls of teleportation
 o - 2 scrolls of amnesia {unknown}
 q - a scroll of magic mapping {unknown}
 y - a scroll of noise {unknown}
 A - 2 scrolls of acquirement {unknown}
 C - a scroll of enchant weapon {unknown}
 D - a scroll of summoning {unknown}
 K - a scroll of fear {unknown}
 L - a scroll of vulnerability {unknown}
Potions
 d - a potion of attraction
 h - 5 potions of curing
 n - a potion of magic
 p - 2 potions of flight
 r - a potion of degeneration
 s - a potion of heal wounds
 x - 2 potions of lignification
 F - a potion of haste {unknown}
 H - 2 potions of brilliance {unknown}


   Skills:
 - Level 8.0 Fighting
 - Level 10.1(12.6) Axes
 * Level 10.7(11.8) Polearms
 - Level 6.0 Armour
 - Level 0.7 Dodging
 - Level 8.0 Invocations


You had 9 spell levels left.
You didn't know any spells.
Your spell library contained the following spells:

 Spells                   Type           Power      Damage    Failure   Level
 Animate Skeleton         Necr           0%         N/A       65%         1
 Apportation              Tloc           0%         N/A       65%         1
 Beastly Appendage        Tmut           0%         N/A       65%         1
 Corona                   Hex            0%         N/A       65%         1
 Freeze                   Ice            0%         1d3       65%         1
 Summon Small Mammal      Summ           0%         N/A       65%         1
 Wereblood                Tmut           0%         N/A       80%         2
 Frozen Ramparts          Ice            0%         1d2       95%         3
 Gell's Gravitas          Tloc           0%         N/A       95%         3
 Ignite Poison            Fire/Tmut/Pois 0%         N/A       95%         3
 Lesser Beckoning         Tloc           0%         N/A       95%         3
 Mephitic Cloud           Conj/Pois/Air  0%         N/A       95%         3
 Ozocubu's Armour         Ice            0%         N/A       95%         3
 Spider Form              Tmut/Pois      0%         N/A       95%         3
 Teleport Other           Tloc           0%         N/A       95%         3
 Cause Fear               Hex            0%         N/A       100%        4
 Hailstorm                Conj/Ice       0%         3d3       100%        4
 Leda's Liquefaction      Hex/Erth       0%         N/A       100%        4
 Bolt of Magma            Conj/Fire/Erth 0%         4d4       100%        5
 Statue Form              Tmut/Erth      0%         N/A       100%        6
 Dragon Form              Tmut           0%         N/A       100%        7
 Ozocubu's Refrigeration  Ice            0%         4d5       100%        7
 Dragon's Call            Summ           0%         N/A       100%        9


Dungeon Overview and Level Annotations

Branches:
Dungeon (9/15)             Temple (0/1) D:5           Sewer (visited)
   Lair: D:8-11         Orc: D:9-12

Altars:
Elyvilon
Makhleb
Ru
Trog
Zin
The Shining One

Shops:
D:1 (   D:3 [?   D:4 :


Message History

You puncture the orc priest!
You kill the orc priest!
Lugonu accepts your kill.
Things that are here:
a +0 club; a +0 leather armour; an orc corpse Your scale mail prevents you from hitting the orc.
A two-headed ogre comes into view.
It is wielding a +0 giant club and a +0 giant spiked club.
The orc hits you with a +0 flail.
The two-headed ogre shouts in stereo!
You puncture the orc!
You kill the orc!
Lugonu accepts your kill.
You hit the two-headed ogre.
The two-headed ogre is lightly wounded.
The two-headed ogre hits you with a +0 giant club!
The two-headed ogre hits you with a +0 giant spiked club.
You hit the two-headed ogre.
The two-headed ogre is lightly wounded.
You puncture the two-headed ogre!
The two-headed ogre is heavily wounded.
You closely miss the two-headed ogre.
The two-headed ogre is heavily wounded.
The two-headed ogre hits you with a +0 giant club!
The two-headed ogre barely misses you.
You puncture the two-headed ogre!
The two-headed ogre is heavily wounded.
You puncture the two-headed ogre!
The two-headed ogre is severely wounded.
The two-headed ogre hits you with a +0 giant club!!
* * * LOW HITPOINT WARNING * * *
The two-headed ogre hits you with a +0 giant spiked club!
* * * LOW HITPOINT WARNING * * *
You puncture the two-headed ogre!
The two-headed ogre is almost dead.
You hit the two-headed ogre.
The two-headed ogre is almost dead.
You barely miss the two-headed ogre.
The two-headed ogre is almost dead.
The two-headed ogre hits you with a +0 giant club!
You die...

..###
.#########......
.................
................#
................#
................####
......O...!.........
#.@.:.........#
#.............#
#....)........#
#.............# ###
##.....)........ ...
.................
...
#####...<(.......
####....).......
................####


You could see a two-headed ogre.

Vanquished Creatures
  A deep elf pyromancer (D:9)
  Pikel (D:7)
  Joseph (D:7)
  A kobold demonologist (D:8)
  Maggie (D:7)
  A wyvern (D:8)
  2 steam dragons
  3 vampire mosquitoes (D:7)
  Menkaure (D:7)
  A water moccasin (D:8)
  An acid dragon (D:9)
  2 sky beasts
  An orc warrior (D:7)
  A necrophage (D:5)
  3 ogres (D:5)
  3 centaurs
  2 lemures (D:7)
  7 kobold brigands
  A bullfrog (D:8)
  A wyvern zombie (D:7)
  A scorpion (D:4)
  A water moccasin skeleton (D:7)
  4 killer bees (D:6)
  8 wights
  A howler monkey (D:6)
  3 orc priests
  2 hounds
  A jelly (D:6)
  A gnoll shaman (D:3)
  A centaur skeleton (D:5)
  3 iguanas
  7 orc wizards
  4 gnolls (D:4)
  8 adders
  A howler monkey skeleton (D:4)
  A river rat (Sewer)
  2 white imps
  2 adder skeletons
  7 worms
  A dart slug (D:2)
  31 orcs
  7 ball pythons
  6 endoplasms
  5 giant cockroaches
  7 goblins
  7 hobgoblins
  6 jackals
  20 kobolds
  3 quokkas
  7 bats
  4 frilled lizards
  9 rats
206 creatures vanquished.

Vanquished Creatures (others)
  28 plants (D:3)
28 creatures vanquished.

Grand Total: 234 creatures vanquished

Notes
Turn   | Place    | Note
-------+----------+-------------------------------------------
     0 | Abyss:1  | MisterFreud the Hill Orc Abyssal Knight began the quest for
                  | the Orb.
     0 | Abyss:1  | Reached XP level 1. HP: 19/19 MP: 2/2
    48 | D:1      | Escaped the Abyss
    72 | D:1      | Found Jusox's Weapon Emporium.
   131 | D:1      | Reached XP level 2. HP: 12/26 MP: 3/3
   752 | D:1      | Reached XP level 3. HP: 29/33 MP: 4/4
   904 | D:1      | Reached ** piety under Lugonu
  1095 | D:1      | Found a faded altar of an unknown god.
  1856 | D:2      | Reached skill level 5 in Fighting
  1856 | D:2      | Reached XP level 4. HP: 32/42 MP: 5/5
  2594 | D:2      | You fall into a shaft and drop 1 floor!
  2596 | D:3      | Found Sudeus's Armour Shop.
  2602 | D:3      | Found a burning altar of Makhleb.
  2602 | D:3      | Noticed a balrug
  2615 | D:3      | Found Xaryxtom's Magic Scroll Emporium.
  2650 | D:3      | Found Intis's Weapon Shoppe.
  2819 | D:3      | Found a white marble altar of Elyvilon.
  3511 | D:3      | Found a sacrificial altar of Ru.
  3634 | D:3      | Bought a scroll of identify for 22 gold pieces
  3634 | D:3      | Bought a scroll of teleportation for 33 gold pieces
  3884 | D:4      | Found a glowing drain.
  3898 | D:4      | Reached XP level 5. HP: 50/50 MP: 6/6
  3914 | Sewer    | Entered a sewer
  3967 | Sewer    | Noticed a kobold brigand
  4001 | Sewer    | Killed a kobold brigand
  4024 | Sewer    | Found a white marble altar of Elyvilon.
  4186 | D:4      | Reached XP level 6. HP: 56/60 MP: 7/7
  4595 | D:4      | Found Damyom's Book Shop.
  4652 | D:4      | Reached *** piety under Lugonu
  4942 | D:5      | Entered Level 5 of the Dungeon
  5117 | D:5      | Reached skill level 5 in Axes
  5117 | D:5      | Reached XP level 7. HP: 38/68 MP: 8/8
  5300 | D:5      | Found a staircase to the Ecumenical Temple.
  5642 | D:5      | HP: 3/68 [ogre (8)]
  5911 | D:6      | Reached skill level 5 in Armour
  5953 | D:6      | Reached XP level 8. HP: 40/64 MP: 9/9
  6391 | D:6      | Found a bloodstained altar of Trog.
  6394 | D:6      | Found a glowing golden altar of the Shining One.
  6395 | D:6      | Found a glowing silver altar of Zin.
  6947 | D:6      | Reached skill level 10 in Axes
  7318 | D:7      | Noticed Maggie
  7330 | D:7      | Killed Maggie
  7331 | D:7      | Reached skill level 5 in Invocations
  7331 | D:7      | Reached XP level 9. HP: 65/81 MP: 10/13
  7331 | D:7      | Reached **** piety under Lugonu
  7411 | D:7      | Reached skill level 1 in Polearms
  7642 | D:7      | Noticed Menkaure
  7648 | D:7      | Killed Menkaure
  7756 | D:7      | HP: 3/71 [wight (2)]
  7825 | D:7      | Noticed Joseph
  7950 | D:7      | Noticed Pikel
  7968 | D:7      | Killed Pikel
  7969 | D:7      | Reached skill level 5 in Polearms
  8016 | D:7      | Reached XP level 10. HP: 61/88 MP: 14/16
  8222 | D:7      | Killed Joseph
  9312 | D:9      | Noticed a kobold demonologist
  9316 | D:9      | Noticed a soul eater
  9339 | D:8      | Killed a kobold demonologist
  9375 | D:9      | Reached ***** piety under Lugonu
  9460 | D:9      | Noticed a deep elf pyromancer
  9470 | D:9      | Killed a deep elf pyromancer
  9471 | D:9      | Reached skill level 10 in Polearms
  9523 | D:9      | Noticed a two-headed ogre
  9536 | D:9      | Slain by a two-headed ogre

Illustrated notes

Levels and vault maps discovered:
D:1:      onia_arrival_handbag, layout_basic, serial_shops, shop,
          hellmonk_ecumenical_altar_leap_of_faith, minmay_fountain_box
D:2:      minmay_door_path, layout_loops_cross
D:3:      layout_loops_ring, mainiacjoe_overflow_24_doors, marbit_many_paths,
          makhleb_altar_promises_db, serial_shops, nicolae_shop_statue_plus,
          shop, shop, kennysheep_boxes
D:4:      layout_loops_ring, cheibrodos_sewer_entry_bend, serial_shops,
          shop_statue
D:5:      layout_cave_pods, minmay_temple_entry_statues_pillars
D:6:      layout_layer_cave, minitemple
D:7:      layout_basic, minmay_misc_feat_plants, uniq_pikel, uniq_joseph,
          uniq_menkaure, uniq_maggie
D:8:      layout_gridville
D:9:      layout_long_grid, uniq_psyche

Skill      XL: |  1  2  3  4  5  6  7  8  9 10 |
---------------+-------------------------------+-----
Axes           | 3 4 5 6 10 | 10.1
Fighting       | 4 5 6 7 8 |  8.0
Armour         | 3 5 6 |  6.0
Invocations    | 5 8 |  8.0
Polearms       | 6 10 | 10.7
Dodging        | |  0.7

Action                   |  1- 3 |  4- 6 |  7- 9 | 10-12 || total
-------------------------+-------+-------+-------+-------++-------
Melee: Hand axe          |   140 |   275 |   242 |       ||   657
       Lance             |       |       |   118 |   147 ||   265
Throw: Boomerang         |     6 |    10 |     8 |       ||    24
Evoke: Wand              |       |       |     3 |       ||     3
  Use: Scroll            |       |     3 |     3 |       ||     6
       Potion            |       |     1 |     2 |       ||     3
Armor: Leather armour    |    45 |     5 |       |       ||    50
       Scale mail        |       |   104 |   126 |    61 ||   291
Dodge: Dodged            |    92 |   121 |   127 |    52 ||   392
